 Dungeon Crawl Stone Soup version 0.29.0-3-gbb0933ed62 (webtiles) character file.

Game seed: 1793988497649527263

3 Esekla the Grave Robber (level 1, 0/14 HPs)
             Began as a Meteoran Necromancer on Aug 25, 2022.
             Slain by a quokka (1 damage)
             ... on level 2 of the Dungeon.
             The game lasted 00:01:41 (89 turns).

Esekla the Grave Robber (Meteoran Necromancer)        Turns: 89, Time: 00:01:42

Health: 0/14       AC:  2    Str:  9    XL:     1   Next: 71%
Magic:  5/5        EV: 12    Int: 16    God:
Gold:   0          SH:  0    Dex: 14    Spells: 4/5 levels left

rFire   . . .      SeeInvis .   c - +1 dagger (protect)
rCold   . . .      Faith    .   (no shield)
rNeg    . . .      Spirit   .   a - +0 robe
rPois   .          Reflect  .   (no helmet)
rElec   .          Harm     .   (no cloak)
rCorr   .          Rampage  .   (no gloves)
Will    .....                   (no boots)
Stlth   +.........              (no amulet)
HPRegen 0.04/turn               (no ring)
MPRegen 0.09/turn               (no ring)

@: glowing
A: sense surroundings 1, otherworldly, glowing, explore regen
a: no special abilities


You were on level 2 of the Dungeon.
You visited 1 branch of the dungeon, and saw 2 of its levels.

Inventory:

Hand Weapons
 c - a +1 dagger of protection (weapon)
Armour
 a - a +0 robe (worn)
Potions
 b - a potion of magic
 d - 2 potions of might {unknown}


   Skills:
 + Level 2.5 Dodging
 - Level 1.4 Stealth
 * Level 2.8 Spellcasting
 + Level 4.4 Necromancy


You had 4 spell levels left.
You knew the following spells:

 Your Spells              Type           Power      Damage    Failure   Level
a - Necrotise             Necr           64%        1d7       3%          1

Your spell library contained the following spells:

 Spells                   Type           Power      Damage    Failure   Level
 Vampiric Draining        Necr           16%        2d7       9%          3
 Animate Dead             Necr           16%        N/A       30%         4
 Agony                    Necr           16%        N/A       63%         5


Dungeon Overview and Level Annotations

Branches:
Dungeon (2/15) Zot: 1104

Altars:


Innate Abilities, Weirdness & Mutations

You passively map a small area around you.
You are easily found by Zot.
You glow in the dark.
You regain HP and MP as you explore.


Message History

The quokka is heavily wounded.
The quokka bites you but does no damage.
You barely miss the quokka.
The quokka is heavily wounded.
The quokka bites you but does no damage.
You closely miss the quokka.
The quokka is moderately wounded.
The quokka misses you.
You completely miss the quokka.
The quokka is moderately wounded.
The quokka barely misses you.
The quokka twitches its whiskers.
The quokka bites you.
* * * LOW HITPOINT WARNING * * *
Found a scratched steel ring.
The bat barely misses you. The quokka attacks as you move away!
The quokka bites you.
A bat comes into view.
The bat hits you but does no damage.
You closely miss the bat. The bat barely misses you.
The bat attacks as you move away! The bat barely misses you.
A bat comes into view.
The bat closely misses you. The quokka barely misses you.
The quokka attacks as you move away! The quokka bites you.
* * * LOW HITPOINT WARNING * * *
The bat attacks as you move away! The bat barely misses you. x2
The bat completely misses you. The bat hits you but does no damage.
The bat hits you.
* * * LOW HITPOINT WARNING * * *
The bat misses you. The bat attacks as you move away!
The bat hits you but does no damage. The bat barely misses you.
The bat misses you. x2; The bat hits you.
* * * LOW HITPOINT WARNING * * *
The bat hits you.
* * * LOW HITPOINT WARNING * * *
The bat closely misses you. The bat hits you but does no damage.
There is an escape hatch in the floor here.
The bat hits you but does no damage. The bat hits you.
* * * LOW HITPOINT WARNING * * *
The quokka bites you.
You die...

, * , *#.......##.* .. #.
#.....[.##.#. .. *,#⌠#.#
#.......##... .# ,.
###..##...........##.####..
......#.......#............
...=.......................
......#...r..........?..^..
,
....#....bb@...............
,
........g.b....#.........#<
, ......g.########........##
,...####.######.............
, *
.####..##..gg#........##.
........g..####.##..#.##
..........##............ *
..#.#.#..#######.........
......##.#* ......... ,


You could see a quokka, 2 goblins and 3 bats.

Vanquished Creatures
  A goblin (D:1)
  A bat (D:2)
  A kobold (D:1)
  A rat (D:2)
4 creatures vanquished.

Notes
Turn   | Place    | Note
-------+----------+-------------------------------------------
     0 | D:1      | Esekla the Meteoran Necromancer began the quest for the
                  | Orb.
     0 | D:1      | Reached XP level 1. HP: 14/14 MP: 5/5
    89 | D:2      | Slain by a quokka

Illustrated notes

Levels and vault maps discovered:
D:1:      zaba_arrival_water, layout_loops_corners, serial_co_window_serial,
          co_window_paths_a, co_window_paths_a, co_window_paths_a,
          co_window_of_opportunity_a, co_window_paths_a,
          co_window_of_opportunity_a, co_window_of_opportunity_a,
          co_window_2corner, co_window_broadway_c, co_window_corner_b,
          co_window_paths_e, glass_columns_c, glass_columns_c, glass_columns_b,
          serial_shops, nicolae_shop_hallway_stairs
D:2:      layout_rooms, serial_glass, glass_columns_a, glass_columns_a,
          feat_on_display, item_on_display_a, grunt_decor_one_mirror,
          uniq_crazy_yiuf_cottage, uniq_robin

Action                   || total
-------------------------++-------
Melee: Dagger            ||    16
 Cast: Necrotise         ||     4
Armor: Robe              ||    13
Dodge: Dodged            ||    27
